 Dungeon Crawl Stone Soup version 0.26.0-10-g1f06aea511 (webtiles) character file.

Game seed: 2905206278283289473

4 Goblin1989 the Grave Robber (level 1, -2/12 HPs)
             Began as a Halfling Necromancer on Jan 17, 2021.
             Killed from afar by a dart slug (5 damage)
             ... with a slug dart
             ... on level 1 of the Dungeon.
             The game lasted 00:01:19 (302 turns).

Goblin1989 the Grave Robber (Halfling Necromancer)   Turns: 302, Time: 00:01:19

Health: -2/12      AC:  2    Str:  9    XL:     1   Next: 77%
Magic:  1/3        EV: 14    Int: 13    God:
Gold:   11         SH:  4    Dex: 14    Spells: 2/3 levels left

rFire    . . .     SeeInvis .   (weapon restricted)
rCold    . . .     Faith    .   b - +0 buckler
rNeg     . . .     Spirit   .   a - +0 robe
rPois    .         Reflect  .   (no helmet)
rElec    .         Harm     .   (no cloak)
rCorr    .         Rampage  .   (no gloves)
Will     .....                  (no boots)
Stlth    ++........             (no amulet)
HPRegen  0.04/turn              (no ring)
MPRegen  0.08/turn              (no ring)

@: no status effects
A: small, mutation resistance 1
a: no special abilities


You were on level 1 of the Dungeon.
You visited 1 branch of the dungeon, and saw 1 of its levels.

You collected 11 gold pieces.

Inventory:

Armour
 a - a +0 robe (worn)
 b - a +0 buckler (worn)
Scrolls
 c - a scroll of teleportation {unknown}


   Skills:
 + Level 0.6 Fighting
 - Level 2.1 Dodging
 - Level 2.4 Stealth
 - Level 1.5 Spellcasting
 - Level 3.2 Necromancy


You had 2 spell levels left.
You knew the following spells:

 Your Spells              Type           Power        Failure   Level
a - Pain                  Necr           36%          12%         1

Your spell library contained the following spells:

 Spells                   Type           Power        Failure   Level
 Animate Skeleton         Necr           18%          12%         1
 Vampiric Draining        Necr           4%           34%         3
 Animate Dead             Necr           4%           75%         4
 Agony                    Necr           9%           97%         5


Dungeon Overview and Level Annotations

Branches:
Dungeon (1/15)

Altars:


Innate Abilities, Weirdness & Mutations

You are small and have problems with some larger weapons.
You are somewhat resistant to further mutation.


Message History

Confirm with . or Enter, or press ? or * to list all spells.
Aiming: Pain (safe; 12% risk of failure)
Press: ? - help, Shift-Dir - straight line, f - jackal
Aim: a jackal (asleep, chance to affect: 76%)
The jackal barks!
The jackal writhes in agony.
A jackal comes into view.
A dart slug comes into view.
You take 1 damage, and have 10/11 hp.
You now have 2/3 mp.
The kobold shouts!
The jackal barks!
Casting: Pain (safe; 12% risk of failure)
Confirm with . or Enter, or press ? or * to list all spells.
Aiming: Pain (safe; 12% risk of failure)
Press: ? - help, Shift-Dir - straight line, f/p - jackal
Aim: a jackal (heavily wounded, chance to affect: 76%)
The jackal barely resists.
You take 1 damage, and have 9/11 hp.
You now have 1/3 mp.
You hit the jackal but do no damage.
The jackal is heavily wounded.
The jackal misses you.
You closely miss the jackal.
The jackal is heavily wounded.
The jackal bites you but does no damage.
A jackal comes into view.
You block the jackal's attack.
You miss the jackal.
The jackal is heavily wounded.
The jackal bites you.
A jackal comes into view.
You take 2 damage, and have 7/11 hp.
The jackal barks! x2
You hit the jackal.
The jackal is severely wounded.
You block the jackal's attack.
You hit the jackal.
The jackal is moderately wounded.
The jackal closely misses you.
You hit the jackal but do no damage.
The jackal is moderately wounded.
The jackal closely misses you. The jackal barely misses you.
You hit the jackal but do no damage.
The jackal is moderately wounded.
The jackal bites you but does no damage.
You hit the jackal but do no damage.
The jackal is moderately wounded.
The jackal closely misses you. You block the jackal's attack.
Casting: Pain (safe; 12% risk of failure)
Confirm with . or Enter, or press ? or * to list all spells.
Aiming: Pain (safe; 12% risk of failure)
Press: ? - help, Shift-Dir - straight line, f/p - jackal
Aim: a jackal (severely wounded, chance to affect: 76%)
The jackal writhes in agony.
The jackal barely misses you.
You take 1 damage, and have 6/11 hp.
Your shield prevents you from hitting the jackal.
The jackal is heavily wounded.
The jackal barely misses you. x2
You hit the jackal.
The jackal is severely wounded.
The jackal bites you.
You take 1 damage, and have 5/11 hp.
Casting: Pain (safe; 12% risk of failure)
Confirm with . or Enter, or press ? or * to list all spells.
Aiming: Pain (safe; 12% risk of failure)
Press: ? - help, Shift-Dir - straight line, f/p - jackal
Aim: a jackal (severely wounded, chance to affect: 76%)
The jackal writhes in agony.
You kill the jackal!
You now have 0/3 mp.
You hit the jackal but do no damage.
The jackal is severely wounded.
You block the jackal's attack. The jackal bites you.
* * * LOW HITPOINT WARNING * * *
You take 1 damage, and have 4/12 hp.
You closely miss the jackal.
The jackal is severely wounded.
The jackal closely misses you.
You barely miss the jackal.
The jackal is severely wounded.
The jackal bites you.
* * * LOW HITPOINT WARNING * * *
The jackal misses you.
You take 1 damage, and have 3/12 hp.
You closely miss the jackal.
The jackal is heavily wounded.
The jackal closely misses you.
You hit the jackal.
The jackal is almost dead.
The jackal closely misses you.
The jackal bites you but does no damage.
You hit the jackal.
You kill the jackal!
You closely miss the kobold. The kobold misses you.
You barely miss the kobold. The kobold hits you but does no damage.
You hit the kobold.
The kobold is moderately wounded.
The kobold barely misses you.
You hit the kobold.
You kill the kobold!
The dart slug launches a dart at you. The slug dart hits you.
You die...

...█ .█ ██..███.██
........ █
█..██..██.█
█..██..... █..██..█
..█ █......█
.....██████.██..█
█..hhw†@..██..█
██.█████████..█████.
█████████........
.>.....>..█.█████
████████....█ █..███
█████..█ ██...█..█
█.......█


You could see a dart slug and 2 jackals.

Vanquished Creatures
  A giant cockroach (D:1)
  2 jackals (D:1)
  A bat (D:1)
  A kobold (D:1)
5 creatures vanquished.

Notes
Turn   | Place    | Note
-------+----------+-------------------------------------------
     0 | D:1      | Goblin1989 the Halfling Necromancer began the quest for the
                  | Orb.
     0 | D:1      | Reached XP level 1. HP: 11/11 MP: 3/3
   302 | D:1      | Killed from afar by a dart slug

Illustrated notes

Levels and vault maps discovered:
D:1:      onia_arrival_mini_spirals, layout_loops_ring, grunt_decor_resistance

Action                   || total
-------------------------++-------
Melee: Unarmed           ||    32
 Cast: Pain              ||    10
Armor: Robe              ||     7
Dodge: Dodged            ||    24
Block: Buckler           ||     5
